 Dungeon Crawl Stone Soup version 0.31-a0-193-gdfe2569204 (webtiles) character file.

Game seed: 18187075146611755510

46 qw the Shooter (level 3, -2/20 HPs)
             Began as a Deep Elf Hunter on June 24, 2023.
             Slain by Terence
             ... wielding a +0 mace
              (5 damage)
             ... on level 2 of the Dungeon.
             The game lasted 00:00:25 (1110 turns).

qw the Shooter (Deep Elf Hunter)                    Turns: 1110, Time: 00:00:25

Health: -2/20      AC:  4    Str: 10    XL:     3   Next: 46%
Magic:  5/5        EV: 12    Int: 13    God:
Gold:   74         SH:  0    Dex: 18    Spells: 2/2 levels left

rFire   . . .        Y - +0 shortbow (freeze)
rCold   . . .        (shield currently unavailable)
rNeg    . . .        c - +0 leather armour
rPois   .            (no helmet)
rElec   .            d - +0 cloak
rCorr   .            (no gloves)
SInv    .            (no boots)
Will    .....        (no amulet)
Stlth   ++           (no ring)
HPRegen 0.23/turn    (no ring)
MPRegen 0.09/turn

%: no passive effects
@: no status effects
A: no striking features
a: no special abilities


You were on level 2 of the Dungeon.
You visited 1 branch of the dungeon, and saw 2 of its levels.

You collected 74 gold pieces.


   Skills:
 - Level 1.5 Fighting
 + Level 7.0 Ranged Weapons
 - Level 2.4 Dodging
 - Level 1.2 Stealth


You had 2 spell levels left.
You didn't know any spells.
Your spell library was empty.

Inventory:

Hand Weapons
 Y - a +0 shortbow of freezing (weapon)
Armour
 c - a +0 leather armour (worn)
 d - a +0 cloak (worn)
Scrolls
 b - a scroll of teleportation
 f - 3 scrolls of identify
Potions
 a - a potion of attraction {unknown}
 e - a potion of lignification {unknown}
 g - a potion of might

Dungeon Overview and Level Annotations

Branches:
Dungeon (2/15)

Altars:

Annotations:
D:2 Terence


Message History

Enter note:
Enter note:
Enter note:
Enter note:
Enter note:
Enter note:
Enter note:
Enter note: You shoot an arrow.
The arrow hits Terence.
The arrow freezes Terence.
Terence is heavily wounded.
You shoot an arrow.
The arrow hits Terence but does no damage.
Terence is heavily wounded.
Terence barely misses you.
You shoot an arrow. The arrow barely misses Terence.
Terence closely misses you. Terence hits you with a +0 mace.
You shoot an arrow.
The arrow hits Terence but does no damage.
Terence is heavily wounded.
Terence barely misses you.
You shoot an arrow.
The arrow hits Terence but does no damage.
Terence is heavily wounded.
Terence drinks a potion.
Terence seems to speed up.
You shoot an arrow. The arrow hits Terence.
The arrow freezes Terence.
Terence is severely wounded.
Terence barely misses you.
You shoot an arrow.
The arrow hits Terence but does no damage.
Terence is severely wounded.
Terence hits you with a +0 mace. Terence barely misses you.
You shoot an arrow. The arrow hits Terence.
The arrow freezes Terence.
Terence is severely wounded.
Terence hits you with a +0 mace. Terence barely misses you.
You shoot an arrow. The arrow hits Terence.
The arrow freezes Terence.
Terence is almost dead.
Terence hits you but does no damage.
You shoot an arrow. The arrow barely misses Terence.
Terence hits you with a +0 mace. x2
You die...

####....###.?...##.
#....#####......... ....
..#..# #..#######. ....
###.## ##..####### .....
###.# #......_... .....
##..####...#######$.....
##.###.....#######......
...##..#.........@......
####..##........@.......
# #.###........##.....#
####.# #..####.## #####
#....# #..# #.#
..#####..## #.# .##
.....# ... ..##.#.###
... #<#..#.#. .....
......... ....>


You could see Terence (fast).

Vanquished Creatures
  An adder (D:2)
  A dart slug (D:1)
  An endoplasm (D:1)
  2 goblins (D:1)
  2 hobgoblins
  9 jackals
  A quokka (D:1)
  A ball python (D:2)
  5 bats (D:1)
  4 kobolds
  4 rats
31 creatures vanquished.

Notes
Turn   | Place    | Note
-------+----------+-------------------------------------------
     0 | D:1      | qw the Deep Elf Hunter began the quest for the Orb.
     0 | D:1      | Reached XP level 1. HP: 12/12 MP: 3/3
     0 | D:1      | 0 ||| qw: Version: 0.3-a-9-g12657ce
     0 | D:1      | 0 ||| qw: Game counter: 4649
     0 | D:1      | 0 ||| qw: Always use a shield: true
     0 | D:1      | 0 ||| qw: God list: Okawaru
     0 | D:1      | 0 ||| qw: Allow faded altars: false
     0 | D:1      | 0 ||| qw: Do Orc after D:15 true
     0 | D:1      | 0 ||| qw: Do second Lair branch before Depths: true
     0 | D:1      | 0 ||| qw: Lair rune preference: random
     0 | D:1      | 0 ||| qw: Plans: Normal
     0 | D:1      | 0 ||| PLANNING D:1-11
   109 | D:1      | 109 ||| FLEEEEING.
   113 | D:1      | Reached skill level 6 in Ranged Weapons
   113 | D:1      | Reached XP level 2. HP: 15/16 MP: 4/4
   715 | D:1      | 715 ||| UPGRADING to +0 cloak.
   720 | D:1      | 720 ||| READING scroll labelled LILAYDO HOTIAPS.
   721 | D:1      | 721 ||| READING 3 scrolls labelled ESOGOOCVEN.
   722 | D:1      | 722 ||| READING scroll labelled WORE IVVEFUQE.
   725 | D:1      | 725 ||| READING scroll labelled XAZERH YPLUNOMM.
   726 | D:1      | 726 ||| READING scroll labelled TYTOFY SISIPP.
   727 | D:1      | 727 ||| READING 2 scrolls of identify.
   727 | D:1      | 727 ||| IDENTIFYING sedimented yellow potion
   728 | D:1      | 728 ||| DROPPING scroll of butterflies.
   782 | D:2      | Reached XP level 3. HP: 16/20 MP: 5/5
   975 | D:2      | 975 ||| READING scroll of brand weapon.
   975 | D:2      | 975 ||| BRANDING +0 shortbow of draining.
  1079 | D:2      | Found a faded altar of an unknown god.
  1088 | D:2      | Reached skill level 7 in Ranged Weapons
  1097 | D:2      | Noticed Terence
  1110 | D:2      | HP: 3/20 [Terence/+0 mace (5)]
  1110 | D:2      | Slain by Terence

Levels and vault maps discovered:
D:1:      amcnicky_arrival_blooded_trapdoor, layout_basic
D:2:      layout_rooms, ebering_ecumenical_altar_hall,
          kennysheep_cross_bottleneck, kennysheep_generic_room_3, uniq_terence

Skill      XL: |  1  2  3 |
---------------+----------+-----
Ranged Weapons | 6 7 |  7.0
Fighting       | |  1.5
Dodging        | |  2.4
Stealth        | |  1.2

Action                     || total
---------------------------++-------
   Fire: Shortbow          ||    80
    Use: Scroll            ||     7
 Armour: Leather armour    ||     2
  Dodge: Dodged            ||    17

Table legend:
 A = Non-vault XP
 B = Vault XP
 C = Vault XP percentage of total XP
 D = Non-vault monster count
 E = Vault monster count
 F = Vault count percentage of total count
                 A         B        C        D         E       F
            +---------+---------+-------+---------+---------+-------
      Total |      66 |       1 |   1.5 |      30 |       1 |   3.2
            +---------+---------+-------+---------+---------+-------
        D:1 |      36 |       0 |   0.0 |      20 |       0 |   0.0
        D:2 |      30 |       1 |   3.2 |      10 |       1 |   9.1
            +---------+---------+-------+---------+---------+-------
